 Seeded DCSS version 0.30-a0-862-g1aabd4f9c5 (webtiles) character file.

Game seed: 5828893404088114011 (custom seed)

119 Juicyj the Magician (level 5, 0/35 HPs)
             Began as a Djinni Conjurer on Mar 8, 2023.
             Slain by a gnoll
             ... wielding a +0 club
              (3 damage)
             ... on level 3 of the Dungeon.
             The game lasted 00:02:14 (2635 turns).

Juicyj the Magician (Djinni Conjurer)               Turns: 2635, Time: 00:02:15

Health: 0/35       AC:  5    Str:  6    XL:     5   Next: 23%
Gold:   124        EV: 10    Int: 22    God:
                   SH:  5    Dex: 11

rFire   + + +      SeeInvis .    o - +3 short sword (flame)
rCold   x x .      Faith    .    (no shield)
rNeg    . . .      Spirit   .    p - +0 ring mail
rPois   ∞          Reflect  +    (no helmet)
rElec   .          Rampage  .    (no cloak)
rCorr   .                        (no gloves)
Will    .....                    (boots unavailable)
Stlth   +                        m - amulet of reflection
HPRegen 0.25/turn                j - ring of fire
MPRegen 0.00/turn                (no ring)

@: flying, very slightly contaminated
A: sickness immunity, fire resistance 2, cold vulnerability 1, float, innate
caster, HP casting, extra vitality 1
a: no special abilities


You were on level 3 of the Dungeon.
You visited 1 branch of the dungeon, and saw 4 of its levels.

You collected 124 gold pieces.

Inventory:

Hand Weapons
 o - a +3 short sword of flaming (weapon)
Armour
 a - a +0 robe
 p - a +0 ring mail (worn)
Jewellery
 j - a ring of fire (left hand)
 m - an amulet of reflection (around neck)
Scrolls
 c - a scroll of blinking {unknown}
 d - 2 scrolls of teleportation {unknown}
 e - a scroll of fog {unknown}
 f - a scroll of brand weapon {unknown}
 g - a scroll of magic mapping {unknown}
 h - a scroll of immolation {unknown}
 i - a scroll of acquirement {unknown}
 k - 2 scrolls of enchant weapon {unknown}
 q - a scroll of enchant armour {unknown}
Potions
 b - a potion of attraction {unknown}
 l - 2 potions of magic {unknown}
 n - a potion of brilliance {unknown}
 r - a potion of curing {unknown}


   Skills:
 + Level 3.6 Dodging
 + Level 2.8 Stealth
 + Level 3.8 Spellcasting


You knew the following spells:

 Your Spells              Type           Power      Damage    Failure   Level
a - Magic Dart            Conj           84%        1d7       10%         1
b - Searing Ray           Conj           42%        2d6       14%         2
c - Dazzling Flash        Conj/Hex       42%        N/A       28%         3
d - Fulminant Prism       Conj/Hex       10%        3d9       67%         4
e - Iskenderun's Mystic   Conj/Tloc      21%        2d6       67%         4
f - Necrotise             Necr           84%        1d8       10%         1
g - Static Discharge      Conj/Air       42%        2-4/arc   14%         2
Your spell library was empty.

Dungeon Overview and Level Annotations

Branches:
Dungeon (4/15)
 Temple: D:4-7

Altars:


Innate Abilities, Weirdness & Mutations

You are immune to sickness and miasma.
You are immune to poison.
Your flesh is very heat resistant. (rF++)
You are vulnerable to cold. (rC-)
You float through the air rather than walking.
You learn spells naturally, not from books.
Your magical power is your life essence.
You have superior vitality. (+4 MHP)


Message History

The hobgoblin closely misses you.
The magic dart hits the hobgoblin but does no damage.
The gnoll shouts!
The hobgoblin barely misses you.
The magic dart hits the gnoll.
The gnoll is lightly wounded.
The gnoll hits you but does no damage. The hobgoblin closely misses you.
The magic dart hits the gnoll.
The gnoll is heavily wounded.
A gnoll comes into view. It is wielding a +0 whip.
You block the gnoll's attack. x2; The hobgoblin hits you.
The magic dart hits the gnoll.
The gnoll is almost dead.
The gnoll shouts!
The gnoll closely misses you. The gnoll hits you with a +0 flail.
The hobgoblin hits you.
You are too injured to fight recklessly!
You are too injured to fight recklessly!
You are too injured to fight recklessly!
You are too injured to fight recklessly!
You are too injured to fight recklessly!
You are too injured to fight recklessly!
You are too injured to fight recklessly!
You are too injured to fight recklessly!
The gnoll hits you with a +0 club. The gnoll hits you with a +0 flail.
* * * LOW HITPOINT WARNING * * *
The hobgoblin hits you.
* * * LOW HITPOINT WARNING * * *
You fly upwards.
Your magical contamination has completely faded away.
There is a stone staircase leading down here.
Casting: Magic Dart (safe; 10% risk of failure)
Confirm with . or Enter, or press ? or * to list all spells.
The spell is astonishingly dangerous to miscast (67% risk of failure)!
Continue anyway?
You miscast Iskenderun's Mystic Blast.
You are very lightly contaminated with residual magic.
Nothing appears to happen.
* * * LOW HITPOINT WARNING * * *
The gnoll hits you with a +0 club.
You die...

########.......#.#.#
######.......#.#.##############
#...##.......#.................
#...##.......#.#.#############.
#...'..........#'### #.
#...##.............# #.
#...###'####.......# #.
###...###.####.gg....# #.
.............+.g@....# #.
##...........#.......##### #####.
#...........###'#...#...###...#.
##......................#.†.#....
##................#...###...###..
##................#..#...#.#...#.
.#.................###...#.#...##
..)..................#...#.#...#.
#...............###...###...###..


You could see 2 gnolls and a hobgoblin.

Vanquished Creatures
  Jessica (D:3)
  2 adders (D:2)
  A worm (D:4)
  3 orcs (D:3)
  8 bats
  8 endoplasms
  4 giant cockroaches (D:1)
  2 goblins (D:1)
  A hobgoblin (D:1)
  9 jackals
  3 quokkas
  5 ball pythons
  5 frilled lizards
  4 kobolds
  5 rats
61 creatures vanquished.

Notes
Turn   | Place    | Note
-------+----------+-------------------------------------------
     0 | D:1      | Juicyj the Djinni Conjurer began the quest for the Orb.
     0 | D:1      | Juicyj set off with the following spells memorised: Magic
                  | Dart, Searing Ray, Dazzling Flash, Fulminant Prism,
                  | Iskenderun's Mystic Blast.
     0 | D:1      | Reached XP level 1. HP: 15/15 MP: 0/0
   193 | D:1      | Reached XP level 2. HP: 14/21 MP: 0/0
   567 | D:1      | Reached XP level 3. HP: 24/25 MP: 0/0
   567 | D:1      | Learned a level 1 spell: Necrotise
  1273 | D:2      | Reached XP level 4. HP: 27/31 MP: 0/0
  1830 | D:3      | Noticed Jessica
  1836 | D:3      | Killed Jessica
  1950 | D:3      | Reached XP level 5. HP: 34/35 MP: 0/0
  1950 | D:3      | Learned a level 2 spell: Static Discharge
  2635 | D:3      | Slain by a gnoll

Illustrated notes

Levels and vault maps discovered:
D:1:      psy_arrival_fountain, layout_loops_corners
D:2:      layout_loops_ring
D:3:      layout_basic, nicolae_titane, uniq_jessica
D:4:      corexii_shack_village, layout_rooms, nzn_hepliaklqana_mist_gate,
          temple_statues, serial_shops, nicolae_take_the_stairs,
          lexackson_kobold_supper

Skill      XL: |  1  2  3 |
---------------+----------+-----
Stealth        | 2 |  2.8
Dodging        | 3 |  3.6
Spellcasting   | |  3.8

Action                     |  1- 3 |  4- 6 || total
---------------------------+-------+-------++-------
   Cast: Magic Dart        |    72 |    69 ||   141
 Armour: Robe              |     2 |       ||     2
         Ring mail         |       |     3 ||     3
  Dodge: Dodged            |     9 |     6 ||    15
  Block: Other             |       |     3 ||     3

Table legend: (Time is in decaauts)
 A = Elapsed time spent in this place.
 B = Non-inter-level travel time spent in this place.
 C = Inter-level travel time spent in this place.
 D = Time resting spent in this place.
 E = Time spent auto-exploring this place.
 F = Levels seen in this place.
 G = Mean time per level.
                   A        B        C        D        E       F      G
               +--------+--------+--------+--------+--------+-----+--------+
         Total |   2633 |   2581 |     52 |      0 |   2303 |   4 |  658.2 |
       Dungeon |   2633 |   2581 |     52 |      0 |   2303 |   4 |  658.2 |
               +--------+--------+--------+--------+--------+-----+--------+

Top non-repeatable levels by time:
     D:1: 1072 daAuts
     D:3: 815 daAuts
     D:2: 732 daAuts
     D:4: 13 daAuts
